 Dungeon Crawl Stone Soup version 0.25-a0-591-g2ad0d861f1 (webtiles) character file.

Game seed: 15643241744445647210, levelgen mode: deterministic

1197 Lauz the Spear-Bearer (level 8, -5/62 HPs)
             Began as a Merfolk Gladiator on Mar 14, 2020.
             Was an Initiate of Okawaru.
             Slain by a wyvern zombie (14 damage)
             ... on level 6 of the Dungeon.
             The game lasted 00:22:44 (6700 turns).

Lauz the Spear-Bearer (Merfolk Gladiator)           Turns: 6700, Time: 00:22:44

Health: -5/62      AC:  4    Str: 15    XL:     8   Next: 44%
Magic:  8/8        EV: 15    Int:  9    God:    Okawaru [......]
Gold:   285        SH:  0    Dex: 15    Spells: 7/7 levels left

rFire    . . .     SeeInvis .   a - +0 trident
rCold    . . .     Gourm    .   (no shield)
rNeg     . . .     Faith    .   b - +0 leather armour
rPois    .         Spirit   .   c - +0 helmet
rElec    .         Reflect  .   (no cloak)
rCorr    .         Harm     .   (no gloves)
MR       .....                  (no boots)
Stlth    +.........             (no amulet)
HPRegen  0.20/turn              (no ring)
MPRegen  0.11/turn              (no ring)

@: no status effects
A: change form in water, swift swim, stealthy swim
a: Renounce Religion


You were on level 6 of the Dungeon.
You worshipped Okawaru.
Okawaru was noncommittal.
You were very hungry.

You visited 2 branches of the dungeon, and saw 7 of its levels.

You collected 285 gold pieces.

Inventory:

Hand Weapons
 a - a +0 trident (weapon)
Missiles
 d - 3 throwing nets (quivered)
Armour
 b - a +0 leather armour (worn)
 c - a +0 helmet (worn)
 k - a +0 buckler
Jewellery
 l - an uncursed ring of stealth {unknown}
Wands
 s - a wand of flame (15)
Scrolls
 e - 2 scrolls of identify {unknown}
 h - 2 scrolls of remove curse
 m - 2 scrolls of blinking {unknown}
 n - 4 scrolls of fear {unknown}
 o - 3 scrolls of magic mapping {unknown}
 u - a scroll of enchant weapon {unknown}
 x - a scroll of fog {unknown}
Potions
 g - a potion of resistance {unknown}
 j - 2 potions of stabbing {unknown}
 p - a potion of degeneration {unknown}
 q - 2 potions of brilliance {unknown}
 r - a potion of lignification {unknown}
 t - a potion of curing {unknown}
 v - a potion of cancellation {unknown}
 w - a potion of haste {unknown}
Comestibles
 f - 9 rations


   Skills:
 + Level 5.2 Fighting
 + Level 11.5 Polearms
 - Level 2.0 Throwing
 + Level 1.1 Armour
 + Level 6.3 Dodging


You had 7 spell levels left.
You didn't know any spells.
Your spell library was empty.

Dungeon Overview and Level Annotations

Branches:
Dungeon (6/15)             Temple (1/1) D:6

Altars:
Cheibriados
Dithmenos
Elyvilon
Fedhas
Gozag
Hepliaklqana
Kikubaaqudgha
Makhleb
Nemelex Xobeh
Okawaru
Qazlal
Ru
Sif Muna
Uskayaw
Vehumet
Wu Jian
Xom
Yredelemnul
Zin
The Shining One


Message History

Found a scroll labeled ANEHUCO NUODIOD.
Attack whom?
Press: ? - help, Dir - move target cursor, f - wyvern zombie
Aim: a wyvern zombie You reach to attack!
You hit the wyvern zombie.
The wyvern zombie is lightly damaged.
You completely miss the wyvern zombie.
The wyvern zombie is lightly damaged.
The wyvern zombie barely misses you.
You hit the wyvern zombie.
The wyvern zombie is lightly damaged.
The wyvern zombie bites you.
* * * LOW HITPOINT WARNING * * *
You hit the wyvern zombie.
The wyvern zombie is lightly damaged.
The wyvern zombie misses you.
You hit the wyvern zombie.
The wyvern zombie is moderately damaged.
The wyvern zombie bites you!
You die...

#.....#
#.....#
#.....#
#.....#
#.....#
#.....#
#.....#
#.Z...#
#.@...#
+.....#
#....(#
#.....#
#.....#
#.....#
#.....#
#....?#


You could see a wyvern zombie.

Vanquished Creatures
  A black bear (D:6)
  A phantom (D:5)
  4 ogres
  A centaur (D:6)
  A water moccasin skeleton (D:5)
  A quasit (D:5)
  A centaur zombie (D:5)
  An orc priest (D:4)
  2 bullfrog skeletons (D:5)
  A centaur skeleton (D:4)
  An iguana (D:4)
  A worker ant (D:5)
  An orc wizard (D:3)
  2 hound skeletons
  2 worker ant zombies (D:5)
  A howler monkey skeleton (D:4)
  13 adders
  2 shadow imps
  2 oozes
  2 worms
  A dart slug (D:1)
  7 leopard geckos
  12 orcs
  2 ball pythons (D:3)
  4 giant cockroaches
  4 hobgoblins
  2 jackals (D:1)
  7 kobolds
  11 bats
  4 frilled lizards
  9 goblins
  10 rats
114 creatures vanquished.

Notes
Turn   | Place    | Note
-------+----------+-------------------------------------------
     0 | D:1      | Lauz the Merfolk Gladiator began the quest for the Orb.
     0 | D:1      | Reached XP level 1. HP: 16/16 MP: 1/1
    49 | D:1      | Reached XP level 2. HP: 21/22 MP: 2/2
   129 | D:1      | Reached skill level 5 in Polearms
   306 | D:1      | Reached XP level 3. HP: 28/28 MP: 3/3
   609 | D:2      | Found a faded altar of an unknown god.
   798 | D:2      | Reached XP level 4. HP: 21/34 MP: 4/4
   809 | D:2      | Reached skill level 5 in Dodging
  1016 | D:2      | Reached skill level 6 in Polearms
  1299 | D:2      | Noticed a centaur
  2001 | D:3      | Reached XP level 5. HP: 38/40 MP: 5/5
  2138 | D:3      | You fall into a shaft and drop 1 floor!
  2263 | D:4      | Reached skill level 7 in Polearms
  2385 | D:4      | Found a snail-covered altar of Cheibriados.
  2837 | D:3      | Reached XP level 6. HP: 47/47 MP: 6/6
  3180 | D:3      | Found a shimmering altar of Xom.
  3435 | D:4      | Reached skill level 8 in Polearms
  3636 | D:4      | Found an ornate altar of the Wu Jian Council.
  3862 | D:4      | Found a hazy altar of Hepliaklqana.
  4017 | D:4      | Reached skill level 9 in Polearms
  4412 | D:5      | Entered Level 5 of the Dungeon
  4414 | D:5      | Noticed a sky beast
  4692 | D:5      | Reached XP level 7. HP: 51/53 MP: 7/7
  5281 | D:5      | Reached skill level 10 in Polearms
  5501 | D:5      | Reached XP level 8. HP: 36/61 MP: 8/8
  5880 | D:5      | Reached skill level 11 in Polearms
  6025 | D:5      | Found a white marble altar of Elyvilon.
  6100 | D:6      | Reached skill level 5 in Fighting
  6371 | D:6      | Found a staircase to the Ecumenical Temple.
  6380 | Temple   | Entered the Ecumenical Temple
  6386 | Temple   | Became a worshipper of Warmaster Okawaru
  6661 | D:6      | Reached skill level 1 in Armour
  6700 | D:6      | Slain by a wyvern zombie

Levels and vault maps discovered:
D:1:      minmay_arrival_loop, layout_basic, minmay_misc_feat_roman,
          hangedman_feature_mirror, minmay_stone_trees_medium, minivault_11
D:2:      layout_rooms, first_ration, chequers_ecumenical_altar_simple_redux
D:3:      layout_loops_ring, tgw_xom
D:4:      layout_layer_cave, nicolae_overflow_crystal_walls, kennysheep_mini,
          old_standard_altar
D:5:      layout_cave_pools, marbit_many_paths, kennysheep_generic_room_4
D:6:      layout_gridville, minmay_temple_entry_ruins, serial_shops,
          nicolae_shop_stone
Temple:   nicolae_temple_x_marks_the_god

Skill      XL: |  1  2  3  4  5  6  7  8 |
---------------+-------------------------+-----
Polearms       | 5 6 7 9 10 11 | 11.5
Dodging        | 5 6 |  6.3
Fighting       | 3 4 5 |  5.2
Armour         | 1 |  1.1
Throwing       | |  2.0

Action                   |  1- 3 |  4- 6 |  7- 9 || total
-------------------------+-------+-------+-------++-------
Melee: Trident           |    87 |   265 |   177 ||   529
  Use: Scroll            |       |     2 |     1 ||     3
 Stab: Sleeping          |       |     1 |     1 ||     2
       Distracted        |       |       |     1 ||     1
  Eat: Chunk             |       |    11 |     3 ||    14
       Ration            |       |       |     1 ||     1
Armor: Leather armour    |    13 |    42 |    16 ||    71
Dodge: Dodged            |    55 |   135 |    79 ||   269

Table legend:
 A = Non-vault XP
 B = Vault XP
 C = Vault XP percentage of total XP
 D = Non-vault monster count
 E = Vault monster count
 F = Vault count percentage of total count
                 A         B        C        D         E       F
            +---------+---------+-------+---------+---------+-------
      Total |    1667 |      43 |   2.5 |     104 |      10 |   8.8
            +---------+---------+-------+---------+---------+-------
        D:1 |      39 |       2 |   4.9 |      18 |       2 |  10.0
        D:2 |     105 |       0 |   0.0 |      22 |       0 |   0.0
        D:3 |     123 |      23 |  15.8 |      27 |       7 |  20.6
        D:4 |     310 |       0 |   0.0 |      13 |       0 |   0.0
        D:5 |     819 |      18 |   2.2 |      17 |       1 |   5.6
        D:6 |     271 |       0 |   0.0 |       7 |       0 |   0.0
            +---------+---------+-------+---------+---------+-------
